SA
YELLOWKNIFE DRAGONBLOOD @ HOGSMEADE CAULDRONS
09/04/2032
 
TOP OF THE 1ST
Yellowknife Dragonblood batting - Pitching for Hogsmeade Cauldrons : LHP Chet Ball
Pitching: LHP Chet Ball
Batting: RHB Mitsuhide Bando 0-0: Fly out, F7 (Flyball, 7S)
Batting: RHB Cruz Orneleas 0-0: Ground out 6-3 (Groundball, 6)
Batting: SHB Miklos Elias 0-0: Called Strike
0-1: Called Strike
0-2: Ground out 6-3 (Groundball, 6)
Top of the 1st over - 0 runs, 0 hits, 0 errors, 0 left on base; Yellowknife 0 - Hogsmeade 0
BOTTOM OF THE 1ST
Hogsmeade Cauldrons batting - Pitching for Yellowknife Dragonblood : LHP Tony Torres
Pitching: LHP Tony Torres
Batting: LHB Bartolo Trejo 0-0: Swinging Strike
0-1: Swinging Strike
0-2: Strikes out swinging
Batting: RHB Conor Gallon 0-0: Swinging Strike
0-1: Called Strike
0-2: Ball
1-2: Strikes out swinging
Batting: RHB Panas Pletnev 0-0: Ball
1-0: Called Strike
1-1: Foul Ball, location: 2F
1-2: Ball
2-2: Ball
3-2: Foul Ball, location: 2F
3-2: Base on Balls
Batting: LHB Jin-yong Myung 0-0: Called Strike
Panas Pletnev steals 2nd base
0-1: Ball
1-1: Foul Ball, location: 2F
1-2: Ball
2-2: Strikes out swinging
Bottom of the 1st over - 0 runs, 0 hits, 0 errors, 1 left on base; Yellowknife 0 - Hogsmeade 0
TOP OF THE 2ND
Yellowknife Dragonblood batting - Pitching for Hogsmeade Cauldrons : LHP Chet Ball
Batting: RHB Víctor Murguia 0-0: SINGLE (Flyball, 7LS)
Batting: SHB Bren Spillane 0-0: Ball
1-0: Ground out U3 (Groundball, 34S)
Víctor Murguia to second
Batting: RHB Fernando González 0-0: Foul Ball, location: 2F
0-1: Swinging Strike
0-2: Ball
1-2: Strikes out swinging
Batting: SHB Gerrie Bond 0-0: Ball
1-0: Called Strike
1-1: Foul Ball, location: 2F
1-2: Fly out, F5 (Popup, 15S)
Top of the 2nd over - 0 runs, 1 hit, 0 errors, 1 left on base; Yellowknife 0 - Hogsmeade 0
BOTTOM OF THE 2ND
Hogsmeade Cauldrons batting - Pitching for Yellowknife Dragonblood : LHP Tony Torres
Batting: RHB Yasuyuki Hagi 0-0: Swinging Strike
0-1: Ball
1-1: Swinging Strike
1-2: Ball
2-2: Strikes out looking
Batting: RHB Graeme Dormer 0-0: SINGLE (Flyball, 5D)
Batting: RHB Jean Couturier 0-0: Ball
1-0: Swinging Strike
1-1: Swinging Strike
1-2: Strikes out swinging
Batting: RHB Maximiano Mealha 0-0: Ball
1-0: Ball
2-0: Ball
3-0: Called Strike
3-1: Swinging Strike
3-2: DOUBLE (Flyball, 89D)
Graeme Dormer to third
Graeme Dormer scores
Batting: RHB Diederick Tuiters 0-0: Called Strike
0-1: Foul Ball, location: 2F
0-2: Ball
1-2: Foul Ball, location: 2F
1-2: Ground out U3 (Groundball, 34)
Bottom of the 2nd over - 1 run, 2 hits, 0 errors, 1 left on base; Yellowknife 0 - Hogsmeade 1
TOP OF THE 3RD
Yellowknife Dragonblood batting - Pitching for Hogsmeade Cauldrons : LHP Chet Ball
Batting: RHB Ángel Romero 0-0: Called Strike
0-1: Ball
1-1: Swinging Strike
1-2: Foul Ball, location: 2F
1-2: SINGLE (Line Drive, 7S)
Batting: SHB Lai-hsiang Loh 0-0: Called Strike
0-1: Ball
1-1: Swinging Strike
1-2: Strikes out swinging
Batting: RHB Mitsuhide Bando 0-0: Called Strike
0-1: Ball
1-1: Foul Ball, location: 2F
1-2: Foul Ball, location: 2F
1-2: Strikes out swinging
Batting: RHB Cruz Orneleas 0-0: Ball
Ángel Romero steals 2nd base
1-0: Ball
2-0: 2-RUN HOME RUN (Flyball, 7LD), Distance : 382 ft
Pitching: RHP David Aguilar
Batting: SHB Miklos Elias 0-0: Ball
1-0: Called Strike
1-1: DOUBLE (Line Drive, 89D)
Batting: RHB Víctor Murguia 0-0: Ball
1-0: Ball
2-0: Foul Ball, location: 2F
2-1: Ball
3-1: Ground out 4-3 (Groundball, 4)
Top of the 3rd over - 2 runs, 3 hits, 0 errors, 1 left on base; Yellowknife 2 - Hogsmeade 1
BOTTOM OF THE 3RD
Hogsmeade Cauldrons batting - Pitching for Yellowknife Dragonblood : LHP Tony Torres
Batting: LHB Bartolo Trejo 0-0: Ball
1-0: Ball
2-0: Ball
3-0: Called Strike
3-1: Foul Ball, location: 2F
3-2: Base on Balls
Batting: RHB Conor Gallon 0-0: Ball
1-0: Called Strike
1-1: Ground out 5-3 (Groundball, 5S)
Bartolo Trejo to second
Batting: RHB Panas Pletnev 0-0: Ball
1-0: Ball
2-0: Foul Ball, location: 2F
2-1: Ball
3-1: Base on Balls
Batting: LHB Jin-yong Myung 0-0: SINGLE (Line Drive, 4MD)
Bartolo Trejo to third
Panas Pletnev to second
Runner from 3rd tries for Home, SAFE, no throw
Batting: RHB Yasuyuki Hagi 0-0: Grounds into double play, 6-4-3 (Groundball, 6)
Bottom of the 3rd over - 1 run, 1 hit, 0 errors, 1 left on base; Yellowknife 2 - Hogsmeade 2
TOP OF THE 4TH
Yellowknife Dragonblood batting - Pitching for Hogsmeade Cauldrons : RHP David Aguilar
Batting: SHB Bren Spillane 0-0: Ball
1-0: DOUBLE (Line Drive, 5D)
Batting: RHB Fernando González 0-0: Ball
1-0: Ball
2-0: Called Strike
2-1: Swinging Strike
2-2: Foul Ball, location: 2F
2-2: Foul Ball, location: 2F
2-2: Ball
3-2: Base on Balls
Batting: SHB Gerrie Bond 0-0: Called Strike
0-1: 3-RUN HOME RUN (Flyball, 9D), Distance : 400 ft
Batting: RHB Ángel Romero 0-0: Called Strike
0-1: Swinging Strike
0-2: Ball
1-2: Ball
2-2: Ball
3-2: Ground out 5-3 (Groundball, 56)
Batting: SHB Lai-hsiang Loh 0-0: Foul Ball, location: 2F
0-1: Called Strike
0-2: Strikes out swinging
Batting: RHB Mitsuhide Bando 0-0: Swinging Strike
0-1: Fly out, F7 (Line Drive, 7)
Top of the 4th over - 3 runs, 2 hits, 0 errors, 0 left on base; Yellowknife 5 - Hogsmeade 2
BOTTOM OF THE 4TH
Hogsmeade Cauldrons batting - Pitching for Yellowknife Dragonblood : LHP Tony Torres
Batting: RHB Graeme Dormer 0-0: Ball
1-0: SINGLE (Flyball, 89M)
Batting: RHB Jean Couturier 0-0: Ball
1-0: Ball
2-0: Called Strike
2-1: Foul Ball, location: 2F
2-2: Strikes out looking
Batting: RHB Maximiano Mealha 0-0: Ball
1-0: Swinging Strike
1-1: Swinging Strike
1-2: Strikes out swinging
Batting: RHB Diederick Tuiters 0-0: Fly out, F4 (Line Drive, 4)
Bottom of the 4th over - 0 runs, 1 hit, 0 errors, 1 left on base; Yellowknife 5 - Hogsmeade 2
TOP OF THE 5TH
Yellowknife Dragonblood batting - Pitching for Hogsmeade Cauldrons : RHP David Aguilar
Batting: RHB Cruz Orneleas 0-0: Ball
1-0: Ball
2-0: Called Strike
2-1: SINGLE (Line Drive, 56D)
Batting: SHB Miklos Elias 0-0: Called Strike
0-1: Foul Ball, location: 2F
0-2: Fly out, F8 (Flyball, 8RS)
Batting: RHB Víctor Murguia 0-0: Ball
1-0: Ball
2-0: Called Strike
2-1: Called Strike
2-2: Strikes out looking
Batting: SHB Bren Spillane 0-0: 2-RUN HOME RUN (Line Drive, 9LD), Distance : 353 ft
Pitching: RHP Doug Schmidt
Batting: RHB Fernando González 0-0: Ball
1-0: Foul Ball, location: 2F
1-1: Ball
2-1: SINGLE (Groundball, 56D)
Batting: SHB Gerrie Bond 0-0: Ball
1-0: Ball
2-0: Fly out, F8 (Flyball, 8LS)
Top of the 5th over - 2 runs, 3 hits, 0 errors, 1 left on base; Yellowknife 7 - Hogsmeade 2
BOTTOM OF THE 5TH
Hogsmeade Cauldrons batting - Pitching for Yellowknife Dragonblood : LHP Tony Torres
Batting: LHB Bartolo Trejo 0-0: SINGLE (Line Drive, 4MD)
Batting: RHB Conor Gallon 0-0: Called Strike
0-1: SINGLE (Groundball, 34D)
Bartolo Trejo to second
Runner from 2nd tries for 3rd, SAFE, no throw
Batting: RHB Panas Pletnev 0-0: Called Strike
0-1: Called Strike
0-2: Foul Ball, location: 2F
0-2: Ball
1-2: Ball
2-2: Ball
3-2: Base on Balls
Conor Gallon to second
Batting: LHB Jin-yong Myung 0-0: Ball
1-0: SINGLE (Groundball, 34D)
Bartolo Trejo scores
Conor Gallon to third
Panas Pletnev to second
Runner from 3rd tries for Home, SAFE, no throw
Batting: RHB Yasuyuki Hagi 0-0: Ball
1-0: Ball
2-0: Foul Ball, location: 2F
2-1: Swinging Strike
2-2: Fly out, F8 (Flyball, 8RD)
Batting: RHB Graeme Dormer 0-0: Ball
1-0: Ball
2-0: Called Strike
2-1: SINGLE (Groundball, 6MD)
Panas Pletnev to third
Jin-yong Myung to second
Runner from 3rd tries for Home, SAFE, throw made home
Batting: RHB Jean Couturier 0-0: Ball
1-0: Foul Ball, location: 2F
1-1: Foul Ball, location: 2F
1-2: Foul Ball, location: 2F
1-2: Fielders Choice at 3rd, U5 (Groundball, 5L)
Graeme Dormer to second
Batting: RHB Maximiano Mealha 0-0: Foul Ball, location: 2F
0-1: Foul Ball, location: 2F
0-2: Ground out 5-3 (Groundball, 56)
Bottom of the 5th over - 3 runs, 4 hits, 0 errors, 2 left on base; Yellowknife 7 - Hogsmeade 5
TOP OF THE 6TH
Yellowknife Dragonblood batting - Pitching for Hogsmeade Cauldrons : RHP Doug Schmidt
Batting: RHB Ángel Romero 0-0: Called Strike
0-1: Ball
1-1: Foul Ball, location: 2F
1-2: Strikes out swinging
Batting: SHB Lai-hsiang Loh 0-0: Called Strike
0-1: Foul Ball, location: 2F
0-2: Ground out 6-3 (Groundball, 6)
Batting: RHB Mitsuhide Bando 0-0: Ball
1-0: Ball
2-0: Foul Ball, location: 2F
2-1: Ground out 6-3 (Groundball, 6M)
Top of the 6th over - 0 runs, 0 hits, 0 errors, 0 left on base; Yellowknife 7 - Hogsmeade 5
BOTTOM OF THE 6TH
Hogsmeade Cauldrons batting - Pitching for Yellowknife Dragonblood : LHP Tony Torres
Batting: RHB Diederick Tuiters 0-0: Called Strike
0-1: DOUBLE (Line Drive, 89D)
Batting: LHB Bartolo Trejo 0-0: Foul Ball, location: 2F
0-1: Called Strike
0-2: Foul Ball, location: 2F
0-2: Ball
1-2: Foul Ball, location: 2F
1-2: Ball
2-2: Strikes out swinging
Pitching: LHP Fred Proctor
Batting: RHB Conor Gallon 0-0: Called Strike
0-1: Ball
1-1: Foul Ball, location: 2F
1-2: Strikes out swinging
Batting: RHB Panas Pletnev 0-0: Ball
1-0: Ball
2-0: Foul Ball, location: 2F
2-1: Foul Ball, location: 2F
2-2: SINGLE (Line Drive, 56)
Diederick Tuiters to third
Batting: LHB Jin-yong Myung 0-0: Ball
1-0: Foul Ball, location: 2F
1-1: Ball
2-1: Fly out, F7 (Flyball, 7S)
Bottom of the 6th over - 0 runs, 2 hits, 0 errors, 2 left on base; Yellowknife 7 - Hogsmeade 5
TOP OF THE 7TH
Yellowknife Dragonblood batting - Pitching for Hogsmeade Cauldrons : RHP Doug Schmidt
Batting: RHB Cruz Orneleas 0-0: Foul Ball, location: 2F
0-1: Swinging Strike
0-2: Ball
1-2: Ball
2-2: Fly out, F9 (Flyball, 9S)
Batting: SHB Miklos Elias 0-0: Ball
1-0: Called Strike
1-1: Foul Ball, location: 2F
1-2: Ball
2-2: Foul Ball, location: 2F
2-2: Strikes out swinging
Batting: RHB Víctor Murguia 0-0: Ball
1-0: Called Strike
1-1: Ball
2-1: Ball
3-1: Base on Balls
Batting: SHB Bren Spillane 0-0: Called Strike
0-1: Ball
1-1: Foul Ball, location: 2F
1-2: Ball
2-2: Ball
3-2: Foul Ball, location: 2F
3-2: Fly out, F9 (Flyball, 9LS)
Top of the 7th over - 0 runs, 0 hits, 0 errors, 1 left on base; Yellowknife 7 - Hogsmeade 5
BOTTOM OF THE 7TH
Hogsmeade Cauldrons batting - Pitching for Yellowknife Dragonblood : LHP Fred Proctor
Batting: RHB Yasuyuki Hagi 0-0: Foul Ball, location: 2F
0-1: Ball
1-1: Ball
2-1: Ball
3-1: Base on Balls
Batting: RHB Graeme Dormer 0-0: Bunted foul
0-1: Bunted foul
0-2: Ball
1-2: Grounds into double play, 6-4-3 (Groundball, 6)
Batting: RHB Jean Couturier 0-0: Ball
1-0: Called Strike
1-1: Called Strike
1-2: Fly out, F7 (Line Drive, 78M)
Bottom of the 7th over - 0 runs, 0 hits, 0 errors, 0 left on base; Yellowknife 7 - Hogsmeade 5
TOP OF THE 8TH
Yellowknife Dragonblood batting - Pitching for Hogsmeade Cauldrons : RHP Doug Schmidt
Batting: RHB Fernando González 0-0: Ball
1-0: Ball
2-0: SINGLE (Flyball, 7LS)
Batting: SHB Gerrie Bond 0-0: Ball
1-0: Ground out U3 (Groundball, 3S)
Fernando González to second
Batting: RHB Ángel Romero 0-0: Ball
1-0: Ball
2-0: Swinging Strike
2-1: Ball
3-1: DOUBLE (Line Drive, 78D)
Fernando González scores
Batting: SHB Lai-hsiang Loh 0-0: Called Strike
0-1: Ball
1-1: Ball
2-1: Ball
3-1: Base on Balls
Batting: RHB Mitsuhide Bando 0-0: Ball
Wild Pitch!
Ángel Romero to third
Lai-hsiang Loh to second
1-0: Intentional Walk
Batting: RHB Cruz Orneleas 0-0: Ball
1-0: Ball
2-0: Called Strike
2-1: Fly out, F9 (Flyball, 89D)
Runner from 3rd tags up, SCORES, throw made
Batting: SHB Miklos Elias 0-0: Ball
1-0: Ball
2-0: Called Strike
2-1: Ball
3-1: Ground out U3 (Groundball, 3)
Top of the 8th over - 2 runs, 2 hits, 0 errors, 2 left on base; Yellowknife 9 - Hogsmeade 5
BOTTOM OF THE 8TH
Hogsmeade Cauldrons batting - Pitching for Yellowknife Dragonblood : LHP Fred Proctor
Batting: RHB Maximiano Mealha 0-0: Called Strike
0-1: Ball
1-1: Foul Ball, location: 2F
1-2: Strikes out looking
Batting: RHB Diederick Tuiters 0-0: Ball
1-0: Ball
2-0: Ball
3-0: Base on Balls
Batting: LHB Bartolo Trejo 0-0: Called Strike
0-1: Ball
1-1: Called Strike
1-2: Ground out U3 (Groundball, 3S)
Diederick Tuiters to second
Batting: RHB Conor Gallon 0-0: Called Strike
0-1: Called Strike
0-2: Ball
1-2: Ball
2-2: Strikes out swinging
Bottom of the 8th over - 0 runs, 0 hits, 0 errors, 1 left on base; Yellowknife 9 - Hogsmeade 5
TOP OF THE 9TH
Yellowknife Dragonblood batting - Pitching for Hogsmeade Cauldrons : RHP Doug Schmidt
Batting: RHB Víctor Murguia 0-0: Called Strike
0-1: Ball
1-1: Ground out 1-3 (Groundball, 13)
Batting: SHB Bren Spillane 0-0: Ball
1-0: SINGLE (Flyball, 8RS)
Batting: RHB Fernando González 0-0: SINGLE (Groundball, 56D)
Bren Spillane to second
Pitching: LHP Randy Nixon
Batting: SHB Gerrie Bond 0-0: SINGLE (Line Drive, 9S)
Bren Spillane to third
Fernando González to second
Runner from 3rd tries for Home, SAFE, no throw
Batting: RHB Ángel Romero 0-0: Ball
1-0: Ball
2-0: Ball
3-0: Base on Balls
Fernando González to third
Gerrie Bond to second
Batting: SHB Lai-hsiang Loh 0-0: Foul Ball, location: 2F
0-1: Swinging Strike
0-2: Fly out, F9 (Flyball, 89M)
Runner from 3rd tags up, SCORES, throw made
Batting: RHB Mitsuhide Bando 0-0: Called Strike
0-1: Called Strike
0-2: Foul Ball, location: 2F
0-2: Ball
1-2: Ball
2-2: Foul Ball, location: 2F
2-2: Strikes out swinging
Top of the 9th over - 2 runs, 3 hits, 0 errors, 2 left on base; Yellowknife 11 - Hogsmeade 5
BOTTOM OF THE 9TH
Hogsmeade Cauldrons batting - Pitching for Yellowknife Dragonblood : LHP Fred Proctor
Batting: RHB Panas Pletnev 0-0: Ball
1-0: Ball
2-0: Called Strike
2-1: SINGLE (Groundball, 34D)
Batting: LHB Jin-yong Myung 0-0: Called Strike
0-1: Fielders Choice at 2nd, 6-4 (Groundball, 6D)
Batting: RHB Yasuyuki Hagi 0-0: Ball
1-0: Foul Ball, location: 2F
1-1: Called Strike
1-2: Foul Ball, location: 2F
1-2: Strikes out swinging
Batting: RHB Graeme Dormer 0-0: Ball
1-0: Foul Ball, location: 2F
1-1: Ball
2-1: Foul Ball, location: 2F
2-2: Ball
3-2: Base on Balls
Jin-yong Myung to second
Batting: RHB Jean Couturier 0-0: Called Strike
0-1: Swinging Strike
0-2: Fly out, F7 (Flyball, 78D)
Bottom of the 9th over - 0 runs, 1 hit, 0 errors, 2 left on base; Yellowknife 11 - Hogsmeade 5
Wednesday, September 19th, 2018 - OOTP Baseball 18.8 Build 76